 Dungeon Crawl Stone Soup version 0.25-a0-549-g6e6e6501ad (webtiles) character file.

Game seed: 3223038727625608485, levelgen mode: deterministic

6138 BeastOfSaturn the Blocker (level 10, -2/80 HPs)
             Began as a Red Draconian Conjurer on Feb 23, 2020.
             Was a Believer of Qazlal.
             Slain by a three-headed hydra (11 damage)
             ... on level 9 of the Dungeon.
             The game lasted 00:54:00 (13764 turns).

BeastOfSaturn the Blocker (Red Draconian Conjurer) Turns: 13764, Time: 00:54:05

Health: -2/80      AC:  8    Str: 12    XL:     10   Next: 59%
Magic:  9/16       EV: 11    Int: 18    God:    Qazlal [**....]
Gold:   455        SH: 17    Dex: 11    Spells: 10/17 levels left

rFire    + . .     SeeInvis .   f - +2 flail (protect)
rCold    . . .     Gourm    +   j - +3 kite shield
rNeg     . . .     Faith    .   (armour unavailable)
rPois    .         Spirit   .   (helmet restricted)
rElec    .         Reflect  .   m - +0 cloak
rCorr    .         Harm     .   (no gloves)
MR       .....                  (no boots)
Stlth    +.........             z - amulet of the gourmand
HPRegen  0.23/turn              q - ring of wizardry
MPRegen  0.15/turn              (no ring)

@: no status effects
A: breathe fire, unfitting armour, fire resistance 1, cold-blooded, AC +7
a: Breathe Fire, Upheaval, Renounce Religion


You were on level 9 of the Dungeon.
You worshipped Qazlal.
Qazlal was pleased with you.
You were very full.

You visited 2 branches of the dungeon, and saw 10 of its levels.

You collected 455 gold pieces.

Inventory:

Hand Weapons
 f - a +2 flail of protection (weapon)
 s - a +4 dagger of speed
Missiles
 c - 27 sling bullets
Armour
 j - a +3 kite shield (worn)
 m - a +0 cloak (worn)
Jewellery
 l - an uncursed ring of fire
 q - a ring of wizardry (left hand)
 t - an uncursed ring of flight
 z - an amulet of the gourmand (around neck)
 C - an uncursed amulet of guardian spirit
Wands
 v - a wand of acid (4)
 x - a wand of scattershot (7)
 B - a wand of polymorph (9)
Scrolls
 d - a scroll of enchant armour
 e - 6 scrolls of remove curse
 g - 2 scrolls of teleportation
 h - 9 scrolls of identify
 k - 2 scrolls of enchant weapon
 n - 2 scrolls of amnesia {unknown}
 r - a scroll of random uselessness {unknown}
 u - a scroll of blinking {unknown}
 y - a scroll of fog {unknown}
 A - a scroll of magic mapping {unknown}
Potions
 a - a potion of curing
 i - a potion of flight
 o - 2 potions of might
 p - a potion of mutation
 w - a potion of haste {unknown}
Comestibles
 b - 7 rations


   Skills:
 + Level 4.6 Fighting
 - Level 1.0 Short Blades
   Level 1.6(3.9) Axes
 + Level 5.5(5.6) Maces & Flails
 - Level 2.0 Dodging
 - Level 1.7 Stealth
 * Level 10.8 Shields
 - Level 4.0 Spellcasting
 * Level 9.0 Conjurations
 + Level 0.3 Translocations


You had 10 spell levels left.
You knew the following spells:

 Your Spells              Type           Power        Failure   Level  Hunger
a - Magic Dart            Conj           ####         1%          1    None
b - Searing Ray           Conj           #####.       1%          2    ##.....
c - Iskenderun's Mystic   Conj/Tloc      ###.....     14%         4    ####...

Your spell library contained the following spells:

 Spells                   Type           Power        Failure   Level  Hunger
 Dazzling Flash           Conj/Hex       ###...       4%          3    ###....
 Fulminant Prism          Conj/Hex       ###.......   16%         4    ####...


Dungeon Overview and Level Annotations

Branches:
Dungeon (9/15)             Temple (1/1) D:5
   Lair: D:8-11         Orc: D:9-12

Altars:
Ashenzari
Cheibriados
Dithmenos
Elyvilon
Fedhas
Gozag
Hepliaklqana
Kikubaaqudgha
Makhleb
Nemelex Xobeh
Okawaru
Qazlal
Ru
Sif Muna
Trog
Uskayaw
Vehumet
Wu Jian
Xom
Yredelemnul
Zin
The Shining One


Innate Abilities, Weirdness & Mutations

You can breathe blasts of fire.
Your fiery red scales are hard. (AC +7)
You cannot fit into any form of body armour.
Your flesh is heat resistant. (rF+)
You are cold-blooded and may be slowed by cold attacks.


Message History

(Press . to maintain the ray.)
The dream sheep ruffles its wool and motes of dream dust sparkle, to no effect.
The searing ray hits the three-headed hydra!
The three-headed hydra is heavily wounded.
The three-headed hydra closely misses you.
The three-headed hydra bites you but does no damage.
The three-headed hydra bites you.
The searing ray hits the three-headed hydra!
The three-headed hydra is severely wounded.
The searing ray misses the dream sheep.
The three-headed hydra bites you. The three-headed hydra bites you! x2
* * * LOW HITPOINT WARNING * * *
The searing ray hits the three-headed hydra!
The three-headed hydra is almost dead.
The searing ray misses the dream sheep.
The searing ray hits the big kobold.
The big kobold is lightly wounded.
You finish channeling your searing ray.
The three-headed hydra bites you!
* * * LOW HITPOINT WARNING * * *
The three-headed hydra bites you!
You die...

#.....#%....≈≈P#
#.....#.#######
#.....#..P..P≈≈#
#..[..#........
#.%.%..≈P####.#.#.#########
#.≈.K.≈PP#........# #
.#.####(#####.##.#.#.# ##
.......Y......##.....########.
#
##.###....########............
#.
...##.##.########.#.########.
.##..##.#.YKYD@.....##.........
#
..........########.#...#######
#####[.##.##.# #.....#
)).....##.##)########.#...#
####..).......)(.)))))##### #
###......########### # ########


You could see a three-headed hydra, a yak, a big kobold and a dream sheep.

Vanquished Creatures
  A two-headed ogre (D:8)
  A troll (D:9)
  A hippogriff (D:8)
  Sigmund (D:6)
  Eustachio (D:6)
  A yak (D:9)
  2 hungry ghosts (D:8)
  A steam dragon (D:7)
  An orc warrior (D:9)
  A black bear (D:9)
  A necrophage (D:7)
  2 phantoms
  5 centaurs
  2 ogres
  Blork the orc (D:9)
  2 big kobolds
  4 bullfrogs
  2 gnoll sergeants (D:9)
  4 scorpions
  6 killer bees
  A vampire bat (D:5)
  18 wights
  A howler monkey (D:4)
  A bullfrog zombie (D:8)
  4 crimson imps
  A quasit (D:4)
  A bullfrog skeleton (D:7)
  A centaur zombie (D:9)
  3 jellies
  6 orc priests
  4 hounds
  5 orc wizards
  A centaur skeleton (D:5)
  2 iguanas
  9 worker ants
  A killer bee zombie (D:7)
  2 hound zombies (D:9)
  A hound skeleton (D:6)
  2 worker ant zombies
  4 gnolls (D:7)
  10 adders
  A shadow imp (D:6)
  An adder zombie (D:5)
  An ooze (D:4)
  3 worms
  3 dart slugs (D:1)
  6 leopard geckos
  23 orcs
  2 ball pythons (D:1)
  13 bats
  5 giant cockroaches
  7 goblins
  6 hobgoblins
  9 jackals
  7 kobolds
  A quokka (D:3)
  A ball python skeleton (D:4)
  7 frilled lizards
  2 quokka skeletons
  4 rats
220 creatures vanquished.

Notes
Turn   | Place    | Note
-------+----------+-------------------------------------------
     0 | D:1      | BeastOfSaturn the Draconian Conjurer began the quest for
                  | the Orb.
     0 | D:1      | Reached XP level 1. HP: 14/14 MP: 3/3
   300 | D:1      | Reached XP level 2. HP: 8/20 MP: 0/5
   498 | D:1      | Learned a level 2 spell: Searing Ray
  1049 | D:1      | Reached XP level 3. HP: 26/26 MP: 3/6
  1693 | D:2      | Reached skill level 5 in Conjurations
  1696 | D:2      | Found a shimmering blue altar of Sif Muna.
  3185 | D:2      | Reached XP level 4. HP: 33/33 MP: 0/7
  3694 | D:3      | Learned a level 4 spell: Iskenderun's Mystic Blast
  4066 | D:3      | Reached skill level 1 in Shields
  4729 | D:4      | Reached XP level 5. HP: 39/39 MP: 0/9
  4848 | D:4      | Reached skill level 2 in Shields
  4860 | D:4      | Reached skill level 1 in Axes
  4993 | D:4      | Reached XP level 6. HP: 29/46 MP: 5/10
  5021 | D:4      | Reached skill level 1 in Fighting
  5293 | D:4      | Reached skill level 3 in Shields
  5799 | D:5      | Entered Level 5 of the Dungeon
  5873 | D:5      | Your scales start taking on a fiery red colour.
  5873 | D:5      | Reached XP level 7. HP: 35/52 MP: 0/12
  5873 | D:5      | Gained mutation: Your flesh is heat resistant. (rF+) [Red
                  | Draconian growth]
  6080 | D:5      | Reached skill level 4 in Shields
  6096 | D:5      | HP: 1/53 [hound (2)]
  6346 | D:5      | Reached skill level 1 in Short Blades
  6590 | D:5      | Found a staircase to the Ecumenical Temple.
  6599 | Temple   | Entered the Ecumenical Temple
  6639 | Temple   | Became a worshipper of Qazlal Stormbringer
  6665 | D:5      | Found a bloodstained altar of Trog.
  7060 | D:5      | Reached skill level 5 in Shields
  7329 | D:5      | Reached skill level 1 in Maces & Flails
  7329 | D:5      | Reached XP level 8. HP: 60/61 MP: 3/13
  7836 | D:6      | Noticed Sigmund
  7866 | D:6      | Killed Sigmund
  7866 | D:6      | Reached skill level 6 in Shields
  8428 | D:6      | Found a blossoming altar of Fedhas.
  8463 | D:6      | Found a white marble altar of Elyvilon.
  8726 | D:6      | Noticed Eustachio
  8736 | D:6      | Killed Eustachio
  8736 | D:6      | Reached skill level 7 in Shields
  9340 | D:7      | Reached XP level 9. HP: 66/68 MP: 15/15
  9413 | D:7      | Found a shimmering altar of Xom.
  9416 | D:7      | Found a radiant altar of Vehumet.
  9854 | D:7      | Reached * piety under Qazlal
  9925 | D:7      | Found an iron altar of Okawaru.
 10018 | D:7      | Reached skill level 8 in Shields
 10610 | D:8      | Noticed a two-headed ogre
 10777 | D:8      | Reached skill level 9 in Shields
 11047 | D:8      | Killed a two-headed ogre
 11047 | D:8      | Reached XP level 10. HP: 50/78 MP: 4/16
 11247 | D:9      | Reached skill level 5 in Maces & Flails
 11592 | D:7      | Reached skill level 10 in Shields
 11597 | D:7      | HP: 3/79 [poisoned by a killer bee]
 11602 | D:7      | HP: 3/79 [poisoned by a killer bee]
 11609 | D:7      | HP: 2/79 [poisoned by a killer bee]
 11617 | D:7      | HP: 2/79 [poisoned by a killer bee]
 12058 | D:7      | HP: 3/79 [troll (13)]
 12549 | D:8      | Found an opulent altar of Gozag.
 12616 | D:8      | Reached ** piety under Qazlal
 12952 | D:9      | Noticed Blork the orc
 12979 | D:9      | Killed Blork the orc
 13748 | D:9      | Noticed a three-headed hydra
 13764 | D:9      | Slain by a three-headed hydra

Levels and vault maps discovered:
D:1:      nagdon_arrival_double_spiral, layout_basic
D:2:      layout_loops_corners, lemuel_round_altar
D:3:      layout_basic
D:4:      minmay_angry_zag, layout_basic, first_ration, minmay_misc_feat_x
D:5:      layout_gridville, minmay_temple_entry_arrows,
          minmay_misc_feat_ornament, grunt_ministairs_14, st_stairs_12,
          roderic_batcave, bloody_trog
D:6:      layout_cave_pods, fedhas_altar_1, old_standard_altar, serial_park,
          serial_park_tiny_pond, serial_park_square2, serial_park_gazebo
          [serial_park_minivault_5x5_7], serial_park_tiny_pond, uniq_eustachio,
          uniq_sigmund
D:7:      layout_basic, chequers_temple_overflow_statue_of_worship,
          okawaru_trees_2
D:8:      layout_basic, lemuel_crystal_altar
D:9:      layout_loops_ring, hangedman_ranch [blue_anna_fruit_fields],
          sword_in_stone
Temple:   lightli_temple_of_artemis

Skill      XL: |  1  2  3  4  5  6  7  8  9 10 |
---------------+-------------------------------+-----
Dodging        | 2 |  2.0
Conjurations   | 5 6 7 8 9 |  9.0
Shields        | 1 2 3 5 7 9 10 | 10.8
Spellcasting   | 3 4 |  4.0
Axes           | 1 |  1.6
Fighting       | 1 2 4 |  4.6
Short Blades   | 1 |  1.0
Maces & Flails | 1 3 4 5 |  5.5
Stealth        | |  1.7
Translocations | |  0.3

Action                   |  1- 3 |  4- 6 |  7- 9 | 10-12 || total
-------------------------+-------+-------+-------+-------++-------
Melee: Dagger            |    12 |    40 |    44 |       ||    96
       Short sword       |    38 |    21 |       |       ||    59
       War axe           |       |    71 |       |       ||    71
       Tailslap          |       |    18 |    15 |     6 ||    39
       Flail             |       |       |   154 |    58 ||   212
 Cast: Magic Dart        |    20 |     4 |    15 |     8 ||    47
       Searing Ray       |    34 |    52 |    64 |    38 ||   188
       Iskenderun's Myst |       |       |       |     2 ||     2
 Abil: Breathe Fire      |       |       |     1 |     2 ||     3
  Use: Scroll            |       |     3 |     6 |       ||     9
       Potion            |       |       |     2 |     1 ||     3
 Stab: Sleeping          |       |     3 |       |       ||     3
  Eat: Chunk             |     3 |     3 |     9 |    19 ||    34
       Ration            |     2 |     3 |     3 |       ||     8
Armor: Skin              |    21 |    44 |    87 |    24 ||   176
Dodge: Dodged            |    32 |    57 |   123 |    30 ||   242
Block: Kite shield       |    25 |    79 |   218 |   126 ||   448

Table legend:
 A = Non-vault XP
 B = Vault XP
 C = Vault XP percentage of total XP
 D = Non-vault monster count
 E = Vault monster count
 F = Vault count percentage of total count
                 A         B        C        D         E       F
            +---------+---------+-------+---------+---------+-------
      Total |    7185 |    1584 |  18.1 |     192 |      28 |  12.7
            +---------+---------+-------+---------+---------+-------
        D:1 |      45 |       0 |   0.0 |      21 |       0 |   0.0
        D:2 |      54 |       0 |   0.0 |      16 |       0 |   0.0
        D:3 |      75 |       0 |   0.0 |      26 |       0 |   0.0
        D:4 |     317 |     161 |  33.7 |      17 |       5 |  22.7
        D:5 |     542 |     287 |  34.6 |      12 |      15 |  55.6
        D:6 |     489 |     445 |  47.6 |      14 |       2 |  12.5
        D:7 |    1192 |       0 |   0.0 |      22 |       0 |   0.0
        D:8 |    2680 |       0 |   0.0 |      34 |       0 |   0.0
        D:9 |    1791 |     691 |  27.8 |      30 |       6 |  16.7
            +---------+---------+-------+---------+---------+-------
